 Dungeon Crawl Stone Soup version 0.23.2 (webtiles) character file.

Game seed: 154043904302856766

1281 Arkr0n55 the Carver (level 8, -3/68 HPs)
             Began as a Hill Orc Fighter on June 10, 2019.
             Was an Initiate of Trog.
             Slain by an ogre
             ... wielding a +0 giant spiked club
              (12 damage)
             ... on level 9 of the Dungeon.
             The game lasted 00:51:55 (5898 turns).

Arkr0n55 the Carver (Hill Orc Fighter)              Turns: 5898, Time: 00:51:56

Health: -3/68      AC:  9    Str: 20    XL:     8   Next: 54%
Magic:  8/8        EV: 11    Int:  8    God:    Trog [......]
Gold:   368        SH: 10    Dex: 11    Spells: 7/7 levels left

rFire    + + .     SeeInvis .   a - +0 long sword
rCold    + + +     Gourm    .   c - +0 shield
rNeg     . . .     Faith    .   b - +0 scale mail
rPois    +         Spirit   .   m - +0 helmet
rElec    +         Reflect  .   h - scarf {rC+ rF+}
rCorr    +         Harm     .   (no gloves)
MR       .....                  q - +0 pair of boots
Stlth    ..........             (no amulet)
HPRegen  0.21/turn              g - ring of protection from cold
MPRegen  0.11/turn              l - +3 ring of evasion

@: resistant, hasted, very quick
A: no striking features
a: Renounce Religion


You were on level 9 of the Dungeon.
You worshipped Trog.
Trog was noncommittal.
You were very hungry.

You visited 1 branch of the dungeon, and saw 7 of its levels.

You collected 368 gold pieces.

Inventory:

Hand Weapons
 a - a +0 long sword (weapon)
 p - a +2 vampiric dagger
 s - a +0 hunting sling
 t - a +4 quarterstaff of chaos
 x - a +0 scythe
 F - a cursed +0 long sword
 N - a +0 rapier
Missiles
 j - 181 stones (quivered)
Armour
 b - a +0 scale mail (worn)
 c - a +0 shield (worn)
 h - a scarf of resistance (worn)
 m - a +0 helmet (worn)
 q - a +0 pair of boots (worn)
 y - a +0 robe
 C - a cursed +0 scale mail
Jewellery
 g - a ring of protection from cold (left hand)
 l - a +3 ring of evasion (right hand)
 o - an uncursed amulet of regeneration {unknown}
 L - an uncursed ring of positive energy {unknown}
Wands
 G - a wand of acid (10)
 M - a wand of scattershot (4)
Scrolls
 e - 3 scrolls of enchant weapon {unknown}
 r - 2 scrolls of fog {unknown}
 u - 2 scrolls of enchant armour {unknown}
 v - 4 scrolls of blinking {unknown}
 z - a scroll of teleportation {unknown}
 A - a scroll of remove curse {unknown}
 B - a scroll of amnesia {unknown}
 D - a scroll of random uselessness {unknown}
 H - a scroll of identify
 I - a scroll of fear {unknown}
Potions
 d - 2 potions of might
 i - a potion of haste
 k - 3 potions of heal wounds {unknown}
 n - 3 potions of degeneration {unknown}
 w - 2 potions of magic {unknown}
 J - a potion of cancellation {unknown}
Comestibles
 f - 7 rations


   Skills:
 + Level 5.1 Fighting
 * Level 8.4 Long Blades
 + Level 5.4 Armour
 + Level 2.1 Dodging
 + Level 0.3 Stealth
 + Level 5.1 Shields


You had 7 spell levels left.
You didn't know any spells.
Your spell library was empty.

Dungeon Overview and Level Annotations

Branches:
Dungeon (6/15)
 Temple: D:4-7

Altars:
Kikubaaqudgha
Trog
Wu Jian
Xom
Zin

Annotations:
D:4 2 runed translucent doors, Urrug's ghost, amateur MiFi


Message History

The ogre hits you with a +0 giant spiked club!
The orc wizard mumbles some strange words.
The orc wizard blinks!
The orc wizard barely misses you.
You hit the orc wizard.
The orc wizard is lightly wounded.
You block the orc wizard's attack.
You closely miss the orc wizard. The orc wizard barely misses you.
You block the ogre's attack.
The orc wizard hits you but does no damage.
It was a potion of resistance.
You feel protected. You block the orc wizard's attack.
The ogre hits you with a +0 giant spiked club!
* * * LOW HITPOINT WARNING * * *
It was a potion of haste.
You feel yourself speed up. You block the orc wizard's attack.
The orc wizard gestures at you while chanting.
You resist with some effort. The orc hits you but does no damage.
The ogre hits you with a +0 giant spiked club!
You die...

....... #.....
#.... #...#
#...# #...#
#o..+ #@o.#####
#Oo......
#.)......
####+##)######+
..ยง......#
.........#
.........+
.........#
.........#


You could see an ogre, an orc wizard and 2 orcs.

Vanquished Creatures
  Sigmund (D:2)
  Eustachio (D:5)
  A sky beast (D:3)
  A phantom (D:4)
  3 ogres
  A scorpion (D:4)
  A bullfrog zombie (D:5)
  A jelly (D:6)
  2 hounds
  Crazy Yiuf (D:2)
  A gnoll shaman (D:6)
  3 worker ants
  A hound skeleton (D:5)
  9 adders
  5 gnolls (D:6)
  An ooze (D:2)
  3 worms
  3 dart slugs
  3 leopard geckos
  7 orcs
  A ball python (D:2)
  10 bats
  3 giant cockroaches
  A hobgoblin (D:3)
  2 jackals (D:3)
  A quokka (D:2)
  5 frilled lizards
  17 goblins
  8 kobolds
  9 rats
106 creatures vanquished.

Notes
Turn   | Place    | Note
-------+----------+-------------------------------------------
     0 | D:1      | Arkr0n55 the Hill Orc Fighter began the quest for the Orb.
     0 | D:1      | Reached XP level 1. HP: 19/19 MP: 1/1
   286 | D:1      | Reached XP level 2. HP: 20/27 MP: 2/2
  1085 | D:2      | Reached XP level 3. HP: 32/33 MP: 3/3
  1149 | D:1      | Reached skill level 3 in Long Blades
  1410 | D:2      | Noticed Sigmund
  1576 | D:2      | Reached XP level 4. HP: 36/40 MP: 4/4
  1713 | D:2      | Found a runed translucent door.
  1714 | D:2      | Noticed Crazy Yiuf
  1723 | D:2      | Killed Crazy Yiuf
  2438 | D:2      | Reached XP level 5. HP: 46/46 MP: 5/5
  2513 | D:2      | Killed Sigmund
  2513 | D:2      | Reached skill level 5 in Long Blades
  2513 | D:2      | Reached XP level 6. HP: 48/52 MP: 6/6
  3295 | D:3      | Noticed a sky beast
  3314 | D:3      | Killed a sky beast
  3314 | D:3      | Reached skill level 1 in Dodging
  3494 | D:3      | Reached XP level 7. HP: 60/60 MP: 7/7
  3591 | D:3      | Found a bloodstained altar of Trog.
  3678 | D:3      | Became a worshipper of Trog the Wrathful
  4167 | D:4      | Reached skill level 6 in Long Blades
  4358 | D:4      | Found a large runed translucent door.
  4359 | D:4      | Found a large runed translucent door.
  4360 | D:4      | Noticed Urrug's ghost (amateur MiFi)
  4563 | D:5      | Entered Level 5 of the Dungeon
  4563 | D:5      | Noticed Eustachio
  5084 | D:5      | Reached skill level 7 in Long Blades
  5084 | D:5      | Reached skill level 5 in Armour
  5210 | D:5      | Killed Eustachio
  5210 | D:5      | Reached XP level 8. HP: 47/67 MP: 8/8
  5373 | D:6      | Reached skill level 5 in Shields
  5398 | D:6      | Found an ornate altar of the Wu Jian Council.
  5398 | D:6      | Found an ancient bone altar of Kikubaaqudgha.
  5398 | D:6      | Found a glowing silver altar of Zin.
  5441 | D:6      | Reached skill level 5 in Fighting
  5448 | D:6      | Reached skill level 8 in Long Blades
  5612 | D:6      | Found a shimmering altar of Xom.
  5871 | D:6      | You fall through a shaft for 3 floors!
  5898 | D:9      | Slain by an ogre

Skill      XL: |  1  2  3  4  5  6  7  8 |
---------------+-------------------------+-----
Fighting       | 4 5 |  5.1
Long Blades    | 3 5 7 8 |  8.4
Armour         | 4 5 |  5.4
Shields        | 4 5 |  5.1
Dodging        | 1 2 |  2.1
Stealth        | |  0.3

Action                   |  1- 3 |  4- 6 |  7- 9 || total
-------------------------+-------+-------+-------++-------
Melee: Long sword        |   115 |   191 |   166 ||   472
  Use: Scroll            |     2 |     1 |       ||     3
       Potion            |       |       |     2 ||     2
  Eat: Ration            |     1 |     1 |     2 ||     4
       Chunk             |       |     2 |       ||     2
Armor: Scale mail        |    86 |    63 |    35 ||   184
Dodge: Dodged            |    52 |    53 |    71 ||   176
Block: Shield            |    92 |    94 |    77 ||   263
       Rpst.: Long sword |    14 |    13 |    26 ||    53
